 Dungeon Crawl Stone Soup version 0.27-a0-1202-ge72e49191c (webtiles) character file.

Game seed: 4024941668452700945

21 Gwenloh the Insei (level 2, 0/21 HPs)
             Began as a Merfolk Transmuter on June 4, 2021.
             Succumbed to a kobold's poison
             ... on level 1 of the Dungeon.
             The game lasted 00:02:56 (763 turns).

Gwenloh the Insei (Merfolk Transmuter)               Turns: 763, Time: 00:02:56

Health: 0/21       AC:  3    Str: 10    XL:     2   Next: 87%
Magic:  4/5        EV: 12    Int: 12    God:
Gold:   17         SH:  0    Dex: 14    Spells: 2/5 levels left

rFire    + . .     SeeInvis .     - Unarmed
rCold    . . .     Faith    .   (no shield)
rNeg     . . .     Spirit   .   c - +1 robe {rF+}
rPois    .         Reflect  .   (helmet currently unavailable)
rElec    .         Harm     .   (no cloak)
rCorr    .         Rampage  .   (no gloves)
Will     .....                  (boots currently unavailable)
Stlth    +.........             (no amulet)
HPRegen  0.07/turn              (no ring)
MPRegen  0.09/turn              (no ring)

@: lethally poisoned (0 -> -8), appendages
A: horns 2, (nimble swimmer 2), mertail
a: End Transformation


You were on level 1 of the Dungeon.
You had temporarily grown beastly horns.
You visited 1 branch of the dungeon, and saw 1 of its levels.

You collected 17 gold pieces.

Inventory:

Hand Weapons
 a - a +0 hunting sling
Missiles
 e - a stone
Armour
 c - a +1 robe of fire resistance (worn)
 f - a +0 robe
Scrolls
 b - a scroll of enchant weapon {unknown}
 d - a scroll of acquirement {unknown}


   Skills:
 - Level 1.1 Fighting
 - Level 2.6 Dodging
 * Level 3.9 Unarmed Combat
 - Level 2.0 Spellcasting
 * Level 3.6 Transmutations


You had 2 spell levels left.
You knew the following spells:

 Your Spells              Type           Power      Damage    Failure   Level
a - Beastly Appendage     Tmut           20%        N/A       6%          1
b - Wereblood             Tmut           10%        N/A       9%          2

Your spell library contained the following spells:

 Spells                   Type           Power      Damage    Failure   Level
 Spider Form              Tmut/Pois      2%         N/A       36%         3
 Ice Form                 Ice/Tmut       5%         N/A       77%         4
 Hydra Form               Tmut           5%         N/A       86%         5


Dungeon Overview and Level Annotations

Branches:
Dungeon (1/15)

Altars:


Innate Abilities, Weirdness & Mutations

You have temporarily grown beastly horns.
((You are quick and stealthy near water. (Stealth+, EV+, Speed+++)))
Your lower body shifts to a powerful aquatic tail in water.


Message History

The rat bites you but does no damage.
You are now empty-handed.
You hit the rat. Your headbutt misses the rat. Your punch misses the rat.
The rat is severely wounded.
The rat completely misses you.
You hit the rat.
You kill the rat!
No target in view!
a - a +0 hunting sling (weapon)
Your transformation is almost over.
Your horns disappear.
e - a stone A kobold comes into view.
It is wielding a +1 short sword of venom.
An endoplasm comes into view.
You are now empty-handed.
Casting: Beastly Appendage (safe; 6% risk of failure)
Confirm with . or Enter, or press ? or * to list all spells.
You grow a pair of large bovine horns.
The endoplasm quivers.
A rat comes into view.
The kobold completely misses you.
You hit the kobold but do no damage.
The kobold hits you with a +1 short sword of venom.
You are poisoned.
You hit the kobold but do no damage.
You feel sick. The kobold hits you but does no damage.
You are more poisoned.
You closely miss the kobold.
You feel very sick.
The kobold hits you with a +1 short sword of venom.
You are lethally poisoned!
You feel very sick.
The rat twitches its whiskers.
* * * LOW HITPOINT WARNING * * *
You feel very sick.
The kobold throws a stone.
The stone hits you.
* * * LOW HITPOINT WARNING * * *
* * * LOW HITPOINT WARNING * * *
You feel sick.
You die...

#........#. #..............
###.# #.......##..... ..#.
+.......##..#.. ...
#####.......##..#.###.#
#...........##..#.#.#.#
#...........##..#.#...#
#.......Kr..##..#.#.#.######
+........J.@..............>#
#....############.#.######.#
#.... #####.#.## #.# ....
......^..## #.# ...
......#...# #.# ...
#######.#.####.. #.#..#....
#.##.#.#.# #.##.#.#..


You could see an endoplasm, a kobold and a rat.

Vanquished Creatures
  A dart slug (D:1)
  3 endoplasms (D:1)
  2 goblins (D:1)
  2 hobgoblins (D:1)
  2 kobolds (D:1)
  2 quokkas (D:1)
  2 ball pythons (D:1)
  2 frilled lizards (D:1)
  A rat (D:1)
17 creatures vanquished.

Notes
Turn   | Place    | Note
-------+----------+-------------------------------------------
     0 | D:1      | Gwenloh the Merfolk Transmuter began the quest for the Orb.
     0 | D:1      | Reached XP level 1. HP: 15/15 MP: 3/3
   204 | D:1      | Reached XP level 2. HP: 21/21 MP: 3/5
   207 | D:1      | Learned a level 2 spell: Wereblood
   763 | D:1      | Succumbed to a kobold's poison

Illustrated notes

Levels and vault maps discovered:
D:1:      dpeg_arrival_round_b, layout_basic, chequers_serial_rivers_micro_e,
          minmay_tetromino_o2

Skill      XL: |  1 |
---------------+----+-----
Transmutations | 3 |  3.6
Fighting       | |  1.1
Dodging        | |  2.6
Unarmed Combat | |  3.9
Spellcasting   | |  2.0

Action                   || total
-------------------------++-------
Melee: Unarmed           ||    36
       Headbutt          ||     3
 Fire: Hunting sling     ||     5
 Cast: Beastly Appendage ||    15
 Stab: Sleeping          ||     1
Armor: Robe              ||    10
Dodge: Dodged            ||    17

Table legend: (Time is in decaauts)
 A = Elapsed time spent in this place.
 B = Non-inter-level travel time spent in this place.
 C = Inter-level travel time spent in this place.
 D = Time resting spent in this place.
 E = Time spent auto-exploring this place.
 F = Levels seen in this place.
 G = Mean time per level.
                   A        B        C        D        E       F      G
               +--------+--------+--------+--------+--------+-----+--------+
         Total |    751 |    751 |      0 |     17 |    570 |   1 |  751.0 |
       Dungeon |    751 |    751 |      0 |     17 |    570 |   1 |  751.0 |
               +--------+--------+--------+--------+--------+-----+--------+

Top non-repeatable levels by time:
     D:1: 751 daAuts
